cohdb
Replays
Latest Replays
All Replays
Popular Replays
Top Player Replays
Match Explorer
How It Works
Community
CoH3 Stats
Reddit
Sign in to upload your games and track your stats! →
Sign in with Steam
Match 38098254
Unlisted
Match 38098254
Overview
Messages
Build Orders
End
Construct Infanterie Kompanie
Selects Mechanized Battlegroup
Grenadier Squad
MG 42 Machine Gun Team
Grenadier Squad
Selects Mobile Repair Stations
Construct Luftwaffe Kompanie
221 Scout Car
Grenadier Squad
Selects Raid Package
Support Elements
Jäger Squad
Selects StuG Assault Group
Wirbelwind Flakpanzer
Jäger Squad
Pioneer Squad
Marder III M Tank Destroyer
Medical Station
Luftwaffe Officer Quarters
Selects Wespe Self-propelled Artillery
Wespe Self-propelled Artillery
qZeto
BIOHAZARD
Artistóteles
ultimatron
0
0
Comments
sign in to comment!
No comments posted yet!